 Dungeon Crawl Stone Soup version 0.24-a0-549-g45f0056d81 (webtiles) character file.

Game seed: 6129853044929554492

10469 GordonOverkill the Fighter (level 11, -33/89 (90) HPs)
             Began as a Barachi Fire Elementalist on Aug 19, 2019.
             Was a Believer of Sif Muna.
             Hit by a large rock thrown by a stone giant (49 damage)
             ... on level 10 of the Dungeon.
             The game lasted 00:32:04 (16008 turns).

GordonOverkill the Fighter (BaFE)                  Turns: 16008, Time: 00:32:04

HP:   -33/89 (90)   AC: 14    Str:  9    XL:     11   Next: 62%
MP:   21/21         EV: 12    Int: 19    God:    Sif Muna [**....]
Gold: 581           SH:  0    Dex: 13    Spells: 11/24 levels left

rFire    . . .     SeeInvis .   f - +0 hunting sling
rCold    . . .     Gourm    .   (no shield)
rNeg     . . .     Faith    .   z - +2 leather armour {rPois}
rPois    +         Spirit   .   s - +0 helmet
rElec    .         Reflect  .   b - +0 cloak
rCorr    +         Harm     .   r - +1 pair of gloves
MR       +....                  H - +2 pair of boots
Stlth    ++........             (no amulet)
HPRegen  0.24/turn              G - ring of protection from magic
MPRegen  0.17/turn              n - ring of resist corrosion

@: slow
A: +LOS, swims, slowness 1, strong legs 1
a: Hop, Channel Magic, Renounce Religion


You were on level 10 of the Dungeon.
You worshipped Sif Muna.
Sif Muna was pleased with you.
You were not hungry.

You visited 2 branches of the dungeon, and saw 11 of its levels.
You also visited: Ossuary.

You collected 581 gold pieces.

Inventory:

Hand Weapons
 f - a +0 hunting sling (weapon)
 i - a +0 whip
 m - a +4 hand axe of freezing
Missiles
 d - 245 stones
 e - 11 boomerangs
 k - 5 javelins
 v - 35 sling bullets (quivered)
 E - 2 throwing nets
Armour
 b - a +0 cloak (worn)
 r - a +1 pair of gloves (worn)
 s - a +0 helmet (worn)
 z - a +2 leather armour of poison resistance (worn)
 C - a +2 robe of fire resistance
 H - a +2 pair of boots (worn)
Jewellery
 l - an uncursed ring of positive energy
 n - a ring of resist corrosion (right hand)
 G - a ring of protection from magic (left hand)
Wands
 h - a wand of iceblast (3)
 j - a wand of enslavement (9)
 y - a wand of flame (16)
 F - a wand of acid (2)
Scrolls
 a - 3 scrolls of remove curse
 g - a scroll of immolation
 p - 2 scrolls of fog
 t - 2 scrolls of teleportation
 D - 3 scrolls of identify
 J - a scroll of enchant armour
 L - a scroll of magic mapping
Potions
 o - a potion of magic
 q - 2 potions of lignification
 u - 3 potions of cancellation
 w - 3 potions of haste
 x - a potion of flight
 A - 3 potions of brilliance
 B - a potion of mutation
 I - a potion of resistance
 K - a potion of degeneration {unknown}
 M - a potion of heal wounds
Comestibles
 c - 14 rations


   Skills:
 + Level 9.9 Fighting
 - Level 9.0 Armour
 - Level 3.0 Dodging
 - Level 2.0 Stealth
 - Level 7.0 Spellcasting
 - Level 8.0 Conjurations
 - Level 8.1 Fire Magic
 - Level 5.0 Invocations
 - Level 5.0 Evocations


You had 11 spell levels left.
You knew the following spells:

 Your Spells              Type           Power        Failure   Level  Hunger
a - Flame Tongue          Conj/Fire      #####        1%          1    None
b - Conjure Flame         Conj/Fire      #####...     1%          3    #......
c - Sticky Flame          Conj/Fire      #####...     4%          4    ###....
d - Fireball              Conj/Fire      #####.....   13%         5    #####..

Your spell library contained the following spells:

 Spells                   Type           Power        Failure   Level  Hunger
 Throw Flame              Conj/Fire      #####.       1%          2    None
 Inner Flame              Hex/Fire       ###.....     8%          3    #......
 Stone Arrow              Conj/Erth      ###...       8%          3    #......
 Animate Skeleton         Necr           N/A          13%         1    None
 Apportation              Tloc           #.....       13%         1    None
 Confusing Touch          Hex            #.....       13%         1    None
 Sandblast                Erth           #.....       13%         1    None
 Summon Small Mammal      Summ           #...         13%         1    None
 Passwall                 Tmut/Erth      #.......     19%         2    None
 Petrify                  Tmut/Erth      #.......     77%         4    ###....
 Lee's Rapid Deconstruct  Erth           #.........   98%         5    #####..


Dungeon Overview and Level Annotations

Branches:
Dungeon (10/15)            Temple (1/1) D:6
   Lair: D:8-11         Orc: D:9-12

Altars:
Ashenzari
Cheibriados
Dithmenos
Elyvilon
Fedhas
Gozag
Hepliaklqana
Kikubaaqudgha
Makhleb
Nemelex Xobeh
Qazlal
Ru
Sif Muna
Trog
Uskayaw
Vehumet
Wu Jian
Xom
Yredelemnul
Zin
The Shining One


Innate Abilities, Weirdness & Mutations

Shadows flee at your approach. (+LOS)
You can swim through water.
You cover ground slowly.
You can hop short distances.


Message History

The ettin hits you with a +0 dire flail.
The ettin hits you with a +0 great mace!!
There is an open door, spattered with blood here.
There is an open door here.
There is an open door here.
You see here a shapeshifter corpse.
The ettin misses you.
The ettin hits you with a +0 great mace.
There is an open translucent door, spattered with blood here.
The stone giant throws a large rock.
The large rock hits you but does no damage.
There is an open door, spattered with blood here.
You see here a large rock.
The stone giant throws a large rock.
The large rock hits you!!
* * * LOW HITPOINT WARNING * * *
There is an open door, spattered with blood here.
You see here a large rock.
The stone giant throws a large rock.
The large rock hits you!!!
Ouch! That really hurt!
You die...

.................................
###.....###......................
#.....# #.<..###............###
#.....# #....# #............#
###.....# #....###............#
........###...†[..............#
##+#........##.#'########.....###
...#........#..#.[#..#..#.>......
...######'###..#@[#.$'(.#....####
...##..........##(#+##'##....#
...##..........#..# #..#....#
...##..........#..# #..#.####
...##..........##(####'##...#
...###'######..#..C..C..#...#
...#........#..#..#..#..#...#
...#........#..##########...#
...#........##..............#


You could see a stone giant.

Vanquished Creatures
  Harold (D:8)
  Erica (D:10)
  A two-headed ogre (D:10)
  An unseen horror (D:10)
  2 centaur zombies (D:10)
  Joseph (D:8)
  Psyche (D:8)
  A komodo dragon (shapeshifter) (D:10)
  A troll (D:8)
  A meliai (shapeshifter) (D:10)
  A hippogriff (D:9)
  14 yaks
  Grum (D:10)
  Menkaure (Ossuary)
  5 orc warriors
  A water moccasin (D:8)
  2 phantoms
  3 sky beasts
  2 ice beasts
  A necrophage (D:7)
  An ogre (D:8)
  A centaur (D:10)
  3 wolves (D:10)
  3 bullfrogs
  3 scorpions
  An electric eel (D:6)
  7 wights (D:10)
  A howler monkey (D:5)
  3 crimson imps
  A bullfrog zombie (D:9)
  2 quasits
  2 hounds
  A jelly (D:7)
  4 orc priests
  2 bullfrog skeletons
  A centaur skeleton (D:4)
  3 iguanas
  9 orc wizards
  11 worker ants
  Ijyb (D:5)
  A hound zombie (D:6)
  3 mummies (Ossuary)
  A howler monkey zombie (D:5)
  9 adders
  3 shadow imps
  An adder zombie (D:6)
  An adder skeleton (D:4)
  6 worms
  A dart slug (D:2)
  9 leopard geckos
  40 orcs
  5 giant cockroaches
  2 gnoll zombies (Ossuary)
  12 hobgoblins
  5 jackals
  6 quokkas
  2 ball pythons
  6 bats
  6 frilled lizards
  2 gnoll skeletons (Ossuary)
  4 goblins
  2 goblin skeletons (Ossuary)
  6 goblin zombies (Ossuary)
  10 hobgoblin skeletons (Ossuary)
  2 hobgoblin zombies (Ossuary)
  A jackal zombie (D:6)
  6 kobolds
  3 kobold skeletons (Ossuary)
  6 kobold zombies (Ossuary)
  2 leopard gecko skeletons (D:4)
  6 orc skeletons (Ossuary)
  4 orc zombies (Ossuary)
  A quokka zombie (D:6)
  10 rats
  2 rat skeletons (Ossuary)
  5 rat zombies (Ossuary)
293 creatures vanquished.

Notes
Turn   | Place    | Note
-------+----------+-------------------------------------------
     0 | D:1      | GordonOverkill the Barachi Fire Elementalist began the
                  | quest for the Orb.
     0 | D:1      | Reached XP level 1. HP: 13/13 MP: 3/3
   437 | D:1      | Reached XP level 2. HP: 15/19 MP: 0/5
  1236 | D:2      | Reached XP level 3. HP: 20/24 MP: 2/6
  1279 | D:2      | Learned a level 3 spell: Conjure Flame
  2052 | D:2      | Reached XP level 4. HP: 30/30 MP: 7/7
  3014 | D:3      | Found a radiant altar of Vehumet.
  3110 | D:3      | Learned a level 4 spell: Sticky Flame
  3176 | D:3      | Found a glowing golden altar of the Shining One.
  3298 | D:3      | Reached XP level 5. HP: 35/35 MP: 6/9
  3381 | D:3      | Found an opulent altar of Gozag.
  3531 | D:3      | Found a sacrificial altar of Ru.
  3846 | D:3      | Found an ornate altar of the Wu Jian Council.
  4188 | D:4      | Noticed a phantom
  4210 | D:4      | Killed a phantom
  4210 | D:4      | Reached skill level 5 in Fire Magic
  4210 | D:4      | Reached XP level 6. HP: 25/41 MP: 1/10
  4356 | D:4      | Found a sand-covered staircase.
  4367 | Ossuary  | Entered an ossuary
  5193 | Ossuary  | Noticed Menkaure
  5216 | Ossuary  | Killed Menkaure
  5379 | Ossuary  | Reached XP level 7. HP: 46/46 MP: 2/12
  5696 | D:4      | Found a shadowy altar of Dithmenos.
  6099 | D:4      | Reached skill level 5 in Conjurations
  6164 | D:4      | You fall into a shaft and drop 3 floors!
  6212 | D:6      | Learned a level 5 spell: Fireball
  6338 | D:5      | Entered Level 5 of the Dungeon
  6763 | D:5      | Noticed Ijyb
  6774 | D:5      | Killed Ijyb
  6892 | D:5      | Found a stormy altar of Qazlal.
  7648 | D:6      | Found a staircase to the Ecumenical Temple.
  7715 | D:6      | Reached skill level 1 in Armour
  7715 | D:6      | Reached XP level 8. HP: 43/53 MP: 5/14
  7716 | D:6      | Reached skill level 1 in Fighting
  8170 | Temple   | Entered the Ecumenical Temple
  8361 | Temple   | Became a worshipper of Sif Muna the Loreminder
  8802 | D:7      | You fall into a shaft and drop 1 floor!
  8822 | D:8      | Reached skill level 5 in Spellcasting
  8854 | D:8      | Noticed Psyche
  8864 | D:8      | Killed Psyche
  8864 | D:8      | Reached skill level 5 in Armour
  8864 | D:8      | Reached XP level 9. HP: 61/63 MP: 0/16
  8988 | D:8      | Found a sparkling altar of Nemelex Xobeh.
  9096 | D:8      | Noticed Harold
  9114 | D:8      | Killed Harold
  9141 | D:8      | Noticed Joseph
  9147 | D:8      | Noticed a troll
  9173 | D:8      | Found a glowing silver altar of Zin.
  9187 | D:8      | Found a snail-covered altar of Cheibriados.
  9642 | D:7      | Found a bloodstained altar of Trog.
  9802 | D:7      | Reached skill level 5 in Fighting
  9850 | D:7      | Reached * piety under Sif Muna
 10770 | D:8      | Killed Joseph
 10770 | D:8      | Reached skill level 1 in Invocations
 10770 | D:8      | Reached skill level 1 in Evocations
 10770 | D:8      | Reached XP level 10. HP: 55/76 MP: 1/17
 12957 | D:10     | Entered Level 10 of the Dungeon
 13007 | D:10     | Noticed Erica
 13044 | D:10     | Killed Erica
 13203 | D:10     | Noticed an unseen horror
 13208 | D:10     | Killed an unseen horror
 13214 | D:10     | Noticed a two-headed ogre
 13242 | D:10     | Killed a two-headed ogre
 13242 | D:10     | Reached XP level 11. HP: 12/85 MP: 3/20
 14681 | D:10     | Reached skill level 5 in Evocations
 14685 | D:10     | Reached ** piety under Sif Muna
 14962 | D:10     | Noticed Grum
 14980 | D:10     | Killed Grum
 15432 | D:10     | Found a runed translucent door.
 15446 | D:10     | Reached skill level 5 in Invocations
 15672 | D:10     | Noticed a manticore
 15672 | D:10     | a manticore changed into an eye of devastation
 15995 | D:10     | Noticed an ettin
 15995 | D:10     | Noticed a stone giant
 16008 | D:10     | Hit by a large rock thrown by a stone giant

Levels and vault maps discovered:
D:1:      erik_arrival_blinker_ship, layout_loops_ring
D:2:      layout_loops_corners, kennysheep_nondescript, minmay_domino_4
D:3:      wad_river_or_something, layout_loops_ring, tso_oasis_becter,
          lemuel_crystal_altar, nicolae_overflow_crystal_walls,
          overflow_temple_1_default, lemuel_round_altar, serial_rivers,
          chequers_serial_rivers_micro_a, chequers_serial_rivers_micro_b,
          chequers_serial_rivers_marsh, chequers_serial_rivers_micro_c,
          chequers_serial_rivers_room_b
D:4:      layout_layer_cave, nicolae_dithmenos_through_a_glass_darkly,
          lightli_ossuary_entry_decrepit_ruins
D:5:      layout_basic, kennysheep_mini, first_ration, serial_corexii_hall,
          corexii_hall_statues_u, corexii_hall_statues_t, serial_bayou_pond_a,
          uniq_menkaure, uniq_ijyb
D:6:      layout_basic, temple_green, kennysheep_crisscross
D:7:      layout_basic, basic_altar
D:8:      layout_cave_pools, old_standard_altar, lemuel_coloured_pillars_altar,
          slow_altar_1, corner_web_ring, uniq_psyche, uniq_harold, uniq_joseph
D:9:      layout_basic, nicolae_overflow_hidden_temple
D:10:     layout_stronghold, minivault_13, uniq_grum, uniq_erica
Temple:   minmay_temple_curvy_loop

Skill      XL: |  1  2  3  4  5  6  7  8  9 10 11 |
---------------+----------------------------------+-----
Stealth        | 2 |  2.0
Conjurations   | 2 3 4 5 7 8 |  8.0
Fire Magic     | 4 5 6 7 8 |  8.1
Dodging        | 3 |  3.0
Spellcasting   | 3 4 5 6 7 |  7.0
Armour         | 1 5 9 |  9.0
Fighting       | 3 6 8 9 |  9.9
Invocations    | 1 3 5 |  5.0
Evocations     | 1 4 5 |  5.0

Action                   |  1- 3 |  4- 6 |  7- 9 | 10-12 || total
-------------------------+-------+-------+-------+-------++-------
Melee: Club              |     5 |       |       |       ||     5
       Whip              |     6 |    48 |       |     6 ||    60
       Hunting sling     |       |       |       |     1 ||     1
 Fire: Hunting sling     |    27 |    88 |    88 |   219 ||   422
Throw: Stone             |    34 |    87 |    29 |       ||   150
 Cast: Flame Tongue      |    53 |   134 |   201 |   140 ||   528
       Conjure Flame     |     2 |     2 |       |     8 ||    12
       Sticky Flame      |       |     2 |    24 |    38 ||    64
       Fireball          |       |       |       |     2 ||     2
Invok: Channel Magic     |       |       |     1 |       ||     1
Evoke: Wand              |       |       |     7 |    11 ||    18
  Use: Scroll            |     4 |     6 |    14 |     1 ||    25
       Potion            |       |       |     6 |     1 ||     7
  Eat: Chunk             |     5 |     8 |    17 |    16 ||    46
       Ration            |       |     1 |     2 |     2 ||     5
Armor: Robe              |    14 |    29 |    13 |       ||    56
       Leather armour    |       |       |    50 |   112 ||   162
Dodge: Dodged            |    34 |    55 |   106 |   160 ||   355

Table legend:
 A = Non-vault XP
 B = Vault XP
 C = Vault XP percentage of total XP
 D = Non-vault monster count
 E = Vault monster count
 F = Vault count percentage of total count
                 A         B        C        D         E       F
            +---------+---------+-------+---------+---------+-------
      Total |   10031 |    4926 |  32.9 |     212 |      78 |  26.9
            +---------+---------+-------+---------+---------+-------
        D:1 |      28 |       0 |   0.0 |      19 |       0 |   0.0
        D:2 |      75 |       8 |   9.6 |      25 |       4 |  13.8
        D:3 |      79 |      80 |  50.3 |      16 |       9 |  36.0
        D:4 |     295 |       0 |   0.0 |      11 |       0 |   0.0
        D:5 |     220 |      35 |  13.7 |      19 |       1 |   5.0
        D:6 |     519 |       0 |   0.0 |      20 |       0 |   0.0
        D:7 |    1502 |       0 |   0.0 |      32 |       0 |   0.0
        D:8 |    1308 |    1877 |  58.9 |      26 |       4 |  13.3
        D:9 |    1743 |       0 |   0.0 |      17 |       0 |   0.0
       D:10 |    4262 |    2701 |  38.8 |      27 |       9 |  25.0
    Ossuary |       0 |     225 | 100.0 |       0 |      51 | 100.0
            +---------+---------+-------+---------+---------+-------
